 Dungeon Crawl Stone Soup version 0.18.1-6-gd335043 (webtiles) character file.

8824 nubinia the Destroyer (level 11, 0/57 HPs)
             Began as a Gargoyle Fire Elementalist on May 19, 2016.
             Was a High Priest of Sif Muna.
             Slain by a six-headed hydra (9 damage)
             ... on level 2 of the Lair of Beasts.
             The game lasted 00:51:26 (12423 turns).

nubinia the Destroyer (Gargoyle Fire Elementalist) Turns: 12423, Time: 00:51:27

Health: 0/57       AC: 20    Str: 14    XL:     11   Next: 36%
Magic:  1/21       EV: 14    Int: 19    God:    Sif Muna [*****.]
Gold:   518        SH:  0    Dex: 10    Spells: 5 memorised, 9 levels left

rFire  . . .     SeeInvis .     a - +2 mace (protect)
rCold  . . .     Gourm    .     y - +0 robe
rNeg   + . .     Faith    .     (no shield)
rPois  ∞         Spirit   .     N - +1 hat
rElec  +         Dismiss  .     W - +1 cloak
rCorr  +         Reflect  .     u - +1 pair of gloves
SustAt .         Harm     .     X - +0 pair of boots
MR     .....                    (no amulet)
Stlth  +++.......               (no ring)
                                o - ring of resist corrosion

@: not resistant to hostile enchantments, fairly stealthy
A: negative energy resistance 1, electricity resistance, strong 1, unbreathing,
petrification resistance, rot immunity, AC +7
a: Channel Energy, Forget Spell, Renounce Religion


You were on level 2 of the Lair of Beasts.
You worshipped Sif Muna.
Sif Muna was extremely pleased with you.
You were very hungry.

You visited 3 branches of the dungeon, and saw 12 of its levels.

You collected 518 gold pieces.

Inventory:

Hand Weapons
 a - a +2 mace of protection (weapon)
 b - a +0 blowgun
 e - a +0 club
 m - a +0 mace
Missiles
 F - 44 poisoned needles
Armour
 q - a +0 helmet
 u - a +1 pair of gloves (worn)
 y - a +0 robe (worn)
 C - a +0 cloak
 N - a +1 hat (worn)
 W - a +1 cloak (worn)
 X - a +0 pair of boots (worn)
Magical Staves
 I - an uncursed staff of air
Jewellery
 h - an uncursed amulet of guardian spirit
 o - a ring of resist corrosion (left hand)
 t - an uncursed ring of ice
Wands
 k - a wand of confusion (11/48)
 p - a wand of iceblast (9/15)
 w - a wand of iceblast (7/15)
 R - a wand of paralysis (14/24)
Scrolls
 f - a scroll of enchant armour
 j - 3 scrolls of remove curse
 n - a scroll of immolation
 r - a scroll of blinking
 s - 2 scrolls of fog
 A - 4 scrolls of recharging
 O - a scroll of enchant weapon {unknown}
 Q - 3 scrolls of teleportation
 S - a scroll of amnesia {unknown}
 V - a scroll of torment {unknown}
Potions
 d - 2 potions of degeneration {unknown}
 g - 3 potions of heal wounds
 i - a potion of invisibility
 l - 4 potions of flight
 z - a potion of brilliance
 B - 2 potions of cure mutation {unknown}
 D - a potion of might
 G - 2 potions of curing {unknown}
 H - 2 potions of ambrosia {unknown}
 J - a potion of lignification
 M - 2 potions of mutation {unknown}
Books
 E - a book of Flames

   Spells                             Type                      Level
   a - Flame Tongue                   Conjuration/Fire             1
   b - Throw Flame                    Conjuration/Fire             2
   c - Conjure Flame                  Conjuration/Fire             3
   d - Inner Flame                    Hexes/Fire                   3
   e - Sticky Flame                   Conjuration/Fire             4
   f - Fireball                       Conjuration/Fire             5
Miscellaneous
 P - a phantom mirror
 U - a sack of spiders
Comestibles
 c - 5 bread rations
 v - a beef jerky
 x - 3 slices of pizza
 K - 14 fruits
 L - 6 meat rations
 T - a royal jelly


   Skills:
 + Level 2.1 Fighting
 + Level 2.4 Maces & Flails
 + Level 0.5 Throwing
 + Level 6.1 Dodging
 + Level 4.3 Stealth
 + Level 7.2 Spellcasting
 * Level 9.9 Conjurations
 * Level 9.7 Fire Magic
 + Level 2.7 Invocations


You had 9 spell levels left.
You knew the following spells:

 Your Spells              Type           Power        Failure   Level  Hunger
a - Flame Tongue          Conj/Fire      #####        1%          1    None
b - Throw Flame           Conj/Fire      #####.       1%          2    None
c - Conjure Flame         Conj/Fire      #####...     1%          3    #......
d - Sticky Flame          Conj/Fire      #####...     1%          4    ###....
e - Fireball              Conj/Fire      #####.....   6%          5    #####..


Dungeon Overview and Level Annotations

Branches:
Dungeon (9/15)             Temple (1/1) D:4            Lair (2/8) D:8
    Orc: D:9-12

Altars:
Dithmenos
Elyvilon
Fedhas
Makhleb
Nemelex Xobeh
Pakellas
Qazlal
Sif Muna
Trog
The Shining One

Shops:
D:7 [

Annotations:
D:7 Dowan
D:8 exclusion: wight


Innate Abilities, Weirdness & Mutations

You are resistant to torment.
Your stone body is resilient (AC +7).
You are immune to poison.
You resist negative energy.
You are resistant to electric shocks.
You can survive without breathing.
You are immune to petrification.
You are immune to rotting.
Your muscles are strong. (Str +2)


Message History

Aim: a six-headed hydra (almost dead)
The flame tongue hits the six-headed hydra.
The six-headed hydra is almost dead.
The six-headed hydra bites you! x2
* * * LOW HITPOINT WARNING * * *
The six-headed hydra barely misses you. The six-headed hydra misses you.
The six-headed hydra bites you but does no damage.
The six-headed hydra misses you.
Unknown command.
Unknown command.
Unknown command.
Casting: Flame Tongue
Confirm with . or Enter, or press ? or * to list all spells.
Aiming: Flame Tongue
Press: ? - help, Shift-Dir - straight line, f/p - six-headed hydra
Aim: a six-headed hydra (almost dead)
The flame tongue hits the six-headed hydra.
The six-headed hydra is almost dead.
The six-headed hydra bites you!
You die...

##...(..## #........# #........#
########
###......#############...##.P
#..........................
##......................... #
#.......................... ###
##.........................
..#######.......@................
...#..###......D.................
......#............P####..P.P..##
..................### ##########
..................P### #
...............#...#.# ##
#...............#...## #.
###P............#P..## ##
#..............#....## #.


You could see a six-headed hydra.

Vanquished Creatures
  Joseph (D:7)
  A black mamba (Lair:1)
  3 spiny frogs
  3 blink frogs (Lair:2)
  A wyvern (D:8)
  13 yaks
  Eustachio (D:5)
  2 hippogriffs
  2 water moccasins (Lair:1)
  6 porcupines (Lair:2)
  2 black bears (D:6)
  Duvessa (D:7)
  An eye of draining (D:8)
  3 phantoms
  A sky beast (D:5)
  A wasp (D:7)
  2 ogres
  5 wolves (Lair:1)
  2 crocodiles (Lair:2)
  7 giant frogs
  2 scorpions
  3 howler monkeys (D:6)
  An electric eel (Lair:2)
  7 hounds
  2 orc priests
  A giant frog skeleton (D:6)
  2 jellies
  A centaur skeleton (D:6)
  3 iguanas
  3 orc wizards
  Natasha (thrice) (D:4)
  7 worker ants
  8 sheep (Lair:1)
  A hound skeleton (D:7)
  A howler monkey skeleton (D:8)
  4 gnolls (D:3)
  14 adders
  5 river rats
  A shadow imp (D:7)
  An ooze (D:2)
  2 worms
  2 dart slugs
  6 giant geckos
  11 orcs
  12 bats
  7 giant cockroaches
  5 goblins
  10 hobgoblins
  8 jackals
  4 quokkas
  6 giant newts
  7 kobolds
  9 rats
  A fungus (D:8)
218 creatures vanquished.

Vanquished Creatures (others)
  4 fungi
4 creatures vanquished.

Grand Total: 222 creatures vanquished

Notes
Turn   | Place    | Note
--------------------------------------------------------------
     0 | D:1      | nubinia the Gargoyle Fire Elementalist began the quest for the Orb.
     0 | D:1      | Reached XP level 1. HP: 10/10 MP: 3/3
   203 | D:1      | Reached XP level 2. HP: 15/15 MP: 3/5
   207 | D:1      | Learned a level 2 spell: Throw Flame
   875 | D:1      | Reached XP level 3. HP: 19/19 MP: 4/6
  1648 | D:2      | Reached XP level 4. HP: 24/24 MP: 2/7
  1698 | D:2      | Learned a level 3 spell: Conjure Flame
  2435 | D:3      | Found a sparkling altar of Nemelex Xobeh.
  2584 | D:3      | Reached XP level 5. HP: 10/28 MP: 1/9
  2849 | D:3      | Found a glowing golden altar of the Shining One.
  2850 | D:3      | Found a bloodstained altar of Trog.
  3886 | D:4      | Reached XP level 6. HP: 23/33 MP: 2/11
  3990 | D:4      | Found a staircase to the Ecumenical Temple.
  4031 | D:4      | Noticed Natasha
  4037 | D:4      | Killed Natasha
  4082 | D:4      | Found a glowing golden altar of the Shining One.
  4141 | Temple   | Entered the Ecumenical Temple
  4164 | Temple   | Became a worshipper of Sif Muna the Loreminder
  4302 | D:4      | Found an oddly glowing altar of Pakellas.
  4303 | D:4      | Found a stormy altar of Qazlal.
  4409 | D:4      | Noticed Natasha
  4414 | D:4      | Killed Natasha
  4713 | D:4      | Noticed Natasha
  4869 | D:4      | Killed Natasha
  4869 | D:4      | Reached skill level 1 in Fighting
  4961 | D:5      | Entered Level 5 of the Dungeon
  4995 | D:5      | Found a shadowy altar of Dithmenos.
  5006 | D:5      | Found a white marble altar of Elyvilon.
  5101 | D:5      | Reached skill level 1 in Maces & Flails
  5101 | D:5      | Reached XP level 7. HP: 37/38 MP: 5/12
  5286 | D:4      | Reached skill level 5 in Fire Magic
  5434 | D:5      | Learned a level 4 spell: Sticky Flame
  5673 | D:5      | Reached * piety under Sif Muna
  5673 | D:5      | Reached XP level 8. HP: 41/43 MP: 5/14
  5777 | D:5      | Gained mutation: Your muscles are strong. (Str +2) [potion of beneficial mutation]
  5930 | D:5      | Noticed Eustachio
  6541 | D:5      | Killed Eustachio
  6780 | D:6      | Reached skill level 5 in Conjurations
  6780 | D:6      | Reached skill level 1 in Invocations
  6854 | D:7      | Found Dubo's Armour Emporium.
  6908 | D:7      | Noticed a hill giant
  7105 | D:6      | Reached ** piety under Sif Muna
  7146 | D:7      | Reached skill level 5 in Spellcasting
  7215 | D:7      | Reached XP level 9. HP: 48/48 MP: 7/16
  7303 | D:7      | Noticed Joseph
  7574 | D:7      | Killed Joseph
  7636 | D:7      | Noticed Duvessa
  8496 | D:8      | Found a staircase to the Lair.
  8820 | D:7      | Noticed Dowan
  8823 | D:7      | Killed Duvessa
  8901 | D:7      | Found a burning altar of Makhleb.
  8901 | D:7      | Noticed an Executioner
  8913 | D:7      | Reached skill level 5 in Dodging
  9219 | Lair:1   | Entered Level 1 of the Lair of Beasts
  9320 | Lair:1   | Reached XP level 10. HP: 53/53 MP: 14/18
  9363 | Lair:1   | Reached *** piety under Sif Muna
  9487 | Lair:1   | Noticed a spiny frog
  9580 | Lair:1   | Killed a spiny frog
  9796 | Lair:1   | Noticed a black mamba
  9805 | Lair:1   | Killed a black mamba
 10519 | Lair:2   | Reached **** piety under Sif Muna
 11184 | Lair:2   | Reached ***** piety under Sif Muna
 11184 | Lair:2   | Reached XP level 11. HP: 57/57 MP: 13/21
 12030 | Lair:2   | Learned a level 5 spell: Fireball
 12309 | Lair:2   | Noticed a six-headed hydra
 12423 | Lair:2   | Slain by a six-headed hydra

Skill      XL: |  1  2  3  4  5  6  7  8  9 10 11 |
---------------+----------------------------------+-----
Dodging        | 2 3 5 6 |  6.1
Fire Magic     | 4 5 6 7 9 |  9.7
Spellcasting   | 3 4 5 6 7 |  7.2
Conjurations   | 2 3 4 5 7 9 |  9.9
Stealth        | 3 4 |  4.3
Fighting       | 1 2 |  2.1
Maces & Flails | 1 2 |  2.4
Invocations    | 1 2 |  2.7
Throwing       | |  0.5

Action                   |  1- 3 |  4- 6 |  7- 9 | 10-12 || total
-------------------------+-------+-------+-------+-------++-------
Melee: Club              |    33 |       |       |       ||    33
       Mace              |     3 |    75 |   141 |    71 ||   290
 Fire: Blowgun           |       |       |       |     5 ||     5
 Cast: Flame Tongue      |    62 |    94 |   189 |   139 ||   484
       Throw Flame       |     1 |     9 |    24 |    22 ||    56
       Sticky Flame      |       |       |    12 |    31 ||    43
       Conjure Flame     |       |       |       |     3 ||     3
       Fireball          |       |       |       |     3 ||     3
Invok: Channel Energy    |       |       |    11 |    20 ||    31
Evoke: Wand              |       |       |       |     1 ||     1
  Use: Scroll            |     1 |     6 |     6 |     3 ||    16
       Potion            |       |       |     1 |       ||     1
 Stab: Sleeping          |     1 |     5 |     3 |       ||     9
  Eat: Chunk             |     3 |    12 |    17 |    17 ||    49
Armor: Robe              |    18 |    49 |   196 |    59 ||   322
Dodge: Dodged            |    56 |    71 |   230 |   113 ||   470
